| TOP OF THE 1ST |
|
Dallas-Fort Worth Rangers batting - Pitching for El Paso Chihuahuas : RHP Alejandro Pena
|
|
Pitching: RHP Alejandro Pena
|
|
|
Batting: LHB Stan Levi
|
0-0: Ball 1-0: Ball 2-0: Ball 3-0: Hit by Pitch
|
|
Batting: RHB Alex Zermeno
|
0-0: Ball 1-0: Swinging Strike 1-1: SINGLE (Groundball, 25, EV 70.0 MPH) (infield hit) Stan Levi to second
|
|
Batting: RHB Terry Lee
|
0-0: Ball 1-0: Ball 2-0: 3-RUN HOME RUN (Flyball, 7D, EV 105.0 MPH), Distance : 407 ft
|
|
Batting: LHB Sid Bream
|
0-0: Ball 1-0: Foul Ball, location: 2F 1-1: SINGLE (Groundball, 4D, EV 96.9 MPH)
|
|
Batting: RHB Dave Aponte
|
0-0: Fly out, F8 (Flyball, 8LS, EV 87.5 MPH)
|
|
Batting: LHB Garcia Gutierrez
|
0-0: Swinging Strike Sid Bream steals 2nd base 0-1: Ball 1-1: Foul Ball, location: 2F 1-2: Strikes out looking
|
|
Pitching: RHP Tom Smith
|
|
|
Batting: LHB Mo Ching
|
0-0: Called Strike 0-1: Ball 1-1: Foul Ball, location: 2F 1-2: Strikes out looking
|
| Top of the 1st over - 3 runs, 3 hits, 0 errors, 1 left on base; Dallas-Fort Worth 3 - El Paso 0 |
| BOTTOM OF THE 1ST |
|
El Paso Chihuahuas batting - Pitching for Dallas-Fort Worth Rangers : LHP Manny Sandate
|
|
Pitching: LHP Manny Sandate
|
|
|
Batting: RHB Steven Murray
|
0-0: Ball 1-0: Ground out 4-3 (Groundball, 4, EV 100.6 MPH)
|
|
Batting: LHB Andy Van Slyke
|
0-0: Called Strike 0-1: SINGLE (Line Drive, 89S, EV 89.4 MPH)
|
|
Batting: RHB Jesse Vann
|
0-0: Ball 1-0: Ball Andy Van Slyke steals 2nd base 2-0: Foul Ball, location: 2F 2-1: Foul Ball, location: 2F 2-2: Foul Ball, location: 2F 2-2: Foul Ball, location: 2F 2-2: Ball 3-2: Foul Ball, location: 2F 3-2: Ground out 4-3 (Groundball, 4, EV 88.8 MPH) Andy Van Slyke to third
|
|
Batting: SHB Donnie Hill
|
0-0: Swinging Strike 0-1: Foul Ball, location: 2F 0-2: 2-RUN HOME RUN (Flyball, 7LD, EV 95.0 MPH), Distance : 372 ft
|
|
Batting: LHB Matthew Vejar
|
0-0: SINGLE (Flyball, 89S, EV 93.1 MPH)
|
|
Batting: RHB Bill Lyons
|
0-0: Ball Wild Pitch! Matthew Vejar to second 1-0: Foul Ball, location: 2F 1-1: Called Strike 1-2: Ground out 4-3 (Groundball, 4, EV 79.4 MPH)
|
| Bottom of the 1st over - 2 runs, 3 hits, 0 errors, 1 left on base; Dallas-Fort Worth 3 - El Paso 2 |
| TOP OF THE 2ND |
|
Dallas-Fort Worth Rangers batting - Pitching for El Paso Chihuahuas : RHP Tom Smith
|
|
Batting: RHB Steve Nicosia
|
0-0: Swinging Strike 0-1: Foul Ball, location: 2F 0-2: SINGLE (Line Drive, 4D, EV 98.8 MPH)
|
|
Batting: RHB Ross Jones
|
0-0: Ball 1-0: Ball 2-0: Called Strike 2-1: Called Strike 2-2: Strikes out looking
|
|
Batting: LHB Stan Levi
|
0-0: Called Strike 0-1: Ball 1-1: Ball 2-1: SINGLE (Groundball, 34D, EV 98.1 MPH) - runner OUT being hit by batted ball. (infield hit)
|
|
Batting: RHB Alex Zermeno
|
0-0: DOUBLE (Groundball, 3L, EV 106.9 MPH) Stan Levi to third Runner from 3rd tries for Home, SAFE, no throw by RF
|
|
Batting: RHB Terry Lee
|
0-0: Ball 1-0: Ball 2-0: Called Strike 2-1: Foul Ball, location: 2F 2-2: Ball 3-2: SINGLE (Line Drive, 8RM, EV 86.3 MPH) Alex Zermeno to third Alex Zermeno scores
|
|
Batting: LHB Sid Bream
|
0-0: Called Strike Terry Lee steals 2nd base 0-1: Swinging Strike 0-2: Foul Ball, location: 2F 0-2: Ball 1-2: Ball 2-2: Ball 3-2: SINGLE (Groundball, 6M, EV 100.0 MPH) (infield hit) Terry Lee to third
|
|
Batting: RHB Dave Aponte
|
0-0: Ball 1-0: Called Strike 1-1: Swinging Strike 1-2: Fielders Choice at 2nd, 6-4 (Groundball, 6, EV 85.6 MPH)
|
| Top of the 2nd over - 2 runs, 5 hits, 0 errors, 2 left on base; Dallas-Fort Worth 5 - El Paso 2 |
| BOTTOM OF THE 2ND |
|
El Paso Chihuahuas batting - Pitching for Dallas-Fort Worth Rangers : LHP Manny Sandate
|
|
Batting: LHB Dan Murphy
|
0-0: Ball 1-0: Ground out 5-3 (Groundball, 5, EV 110.0 MPH)
|
|
Batting: RHB Leo George
|
0-0: Called Strike 0-1: Ground out 5-3 (Groundball, 56S, EV 90.0 MPH)
|
|
Batting: RHB William Parmenter
|
0-0: Swinging Strike 0-1: Swinging Strike 0-2: Ground out 4-3 (Groundball, 4M, EV 92.5 MPH)
|
| Bottom of the 2nd over - 0 runs, 0 hits, 0 errors, 0 left on base; Dallas-Fort Worth 5 - El Paso 2 |
| TOP OF THE 3RD |
|
Dallas-Fort Worth Rangers batting - Pitching for El Paso Chihuahuas : RHP Tom Smith
|
|
Batting: LHB Garcia Gutierrez
|
0-0: SINGLE (Groundball, 6D, EV 97.5 MPH)
|
|
Batting: LHB Mo Ching
|
0-0: Ball 1-0: Ball 2-0: SINGLE (Line Drive, 8LS, EV 105.0 MPH) Garcia Gutierrez to second
|
|
Batting: RHB Steve Nicosia
|
0-0: Ball 1-0: Ball Passed Ball! Garcia Gutierrez to third Mo Ching to second 2-0: Ball 3-0: Base on Balls
|
|
Batting: RHB Ross Jones
|
0-0: Grounds into double play, 4-6-3 (Groundball, 4, EV 89.4 MPH) Garcia Gutierrez scores Mo Ching to third
|
|
Batting: LHB Stan Levi
|
0-0: Called Strike 0-1: Ball 1-1: Foul Ball, location: 2F 1-2: SINGLE (Flyball, 9S, EV 83.8 MPH) Mo Ching scores
|
|
Batting: RHB Alex Zermeno
|
0-0: Ball 1-0: Ball Stan Levi is caught stealing 2nd base 2-4
|
| Top of the 3rd over - 2 runs, 3 hits, 0 errors, 0 left on base; Dallas-Fort Worth 7 - El Paso 2 |
| BOTTOM OF THE 3RD |
|
El Paso Chihuahuas batting - Pitching for Dallas-Fort Worth Rangers : LHP Manny Sandate
|
|
Batting: RHB Steven Murray
|
0-0: Called Strike 0-1: Ball 1-1: Foul Ball, location: 2F 1-2: Foul Ball, location: 2F 1-2: SINGLE (Line Drive, 78S, EV 98.8 MPH)
|
|
Batting: LHB Andy Van Slyke
|
0-0: Fly out, F8 (Flyball, 78M, EV 95.0 MPH)
|
|
Batting: RHB Jesse Vann
|
0-0: Ball 1-0: Called Strike 1-1: Ball 2-1: Foul Ball, location: 2F 2-2: Foul Ball, location: 2F 2-2: Strikes out swinging
|
|
Batting: SHB Donnie Hill
|
0-0: SINGLE (Groundball, 34D, EV 101.9 MPH) Steven Murray to second Runner from 2nd tries for 3rd, SAFE, throw by RF made to third
|
|
Batting: LHB Matthew Vejar
|
0-0: Ball 1-0: Ball Wild Pitch! Steven Murray scores Donnie Hill to second 2-0: Called Strike 2-1: Ball 3-1: Foul Ball, location: 2F 3-2: SINGLE (Groundball, 56D, EV 93.8 MPH) Donnie Hill to third Donnie Hill scores
|
|
Batting: RHB Bill Lyons
|
0-0: Ball 1-0: SINGLE (Groundball, 4MD, EV 105.6 MPH) Matthew Vejar to second Runner from 2nd tries for 3rd, SAFE, throw by CF made to third
|
|
Batting: LHB Dan Murphy
|
0-0: Called Strike 0-1: Fly out, F7 (Flyball, 7LD, EV 88.8 MPH)
|
| Bottom of the 3rd over - 2 runs, 4 hits, 0 errors, 2 left on base; Dallas-Fort Worth 7 - El Paso 4 |
| TOP OF THE 4TH |
|
Dallas-Fort Worth Rangers batting - Pitching for El Paso Chihuahuas : RHP Tom Smith
|
|
Batting: RHB Alex Zermeno
|
0-0: Called Strike 0-1: Ball 1-1: Ground out 6-3 (Groundball, 6, EV 81.9 MPH)
|
|
Batting: RHB Terry Lee
|
0-0: Called Strike 0-1: Ground out 6-3 (Groundball, 6, EV 85.0 MPH)
|
|
Batting: LHB Sid Bream
|
0-0: SOLO HOME RUN (Flyball, 9D, EV 98.8 MPH), Distance : 395 ft
|
|
Batting: RHB Dave Aponte
|
0-0: Foul Ball, location: 2F 0-1: SOLO HOME RUN (Flyball, 78XD, EV 93.8 MPH), Distance : 433 ft
|
|
Batting: LHB Garcia Gutierrez
|
0-0: Ball 1-0: Ball 2-0: Foul Ball, location: 2F 2-1: Foul Ball, location: 2F 2-2: SINGLE (Line Drive, 9S, EV 91.3 MPH)
|
|
Pitching: RHP Gary Kaczor
|
|
|
Batting: LHB Mo Ching
|
0-0: Called Strike 0-1: Ball 1-1: Foul Ball, location: 2F 1-2: SINGLE (Line Drive, 6D, EV 109.4 MPH) Garcia Gutierrez to second
|
|
Batting: RHB Steve Nicosia
|
0-0: Fly out, F8 (Flyball, 8LXD, EV 96.3 MPH)
|
| Top of the 4th over - 2 runs, 4 hits, 0 errors, 2 left on base; Dallas-Fort Worth 9 - El Paso 4 |
| BOTTOM OF THE 4TH |
|
El Paso Chihuahuas batting - Pitching for Dallas-Fort Worth Rangers : LHP Manny Sandate
|
|
Batting: RHB Leo George
|
0-0: Called Strike 0-1: Ball 1-1: Foul Ball, location: 2F 1-2: Foul Ball, location: 2F 1-2: DOUBLE (Line Drive, 3D, EV 95.0 MPH)
|
|
Batting: RHB William Parmenter
|
0-0: Ball 1-0: Ball 2-0: Ball 3-0: Called Strike 3-1: SINGLE (Groundball, 34S, EV 82.5 MPH) (infield hit) Leo George to third
|
|
Batting: RHB Steven Murray
|
0-0: Called Strike 0-1: Foul Ball, location: 2F 0-2: Strikes out swinging
|
|
Batting: LHB Andy Van Slyke
|
0-0: Foul Ball, location: 2F 0-1: Swinging Strike 0-2: Foul Ball, location: 2F 0-2: Ground out 4-3 (Groundball, 4, EV 88.1 MPH) Leo George scores William Parmenter to second
|
|
Batting: RHB Jesse Vann
|
0-0: Swinging Strike 0-1: Ball 1-1: Foul Ball, location: 2F 1-2: Strikes out looking
|
| Bottom of the 4th over - 1 run, 2 hits, 0 errors, 1 left on base; Dallas-Fort Worth 9 - El Paso 5 |
| TOP OF THE 5TH |
|
Dallas-Fort Worth Rangers batting - Pitching for El Paso Chihuahuas : RHP Gary Kaczor
|
|
Batting: RHB Ross Jones
|
0-0: Ball 1-0: Swinging Strike 1-1: Swinging Strike 1-2: Fly out, F8 (Flyball, 8LD, EV 98.8 MPH)
|
|
Batting: LHB Stan Levi
|
0-0: Ball 1-0: Ball 2-0: Called Strike 2-1: SINGLE (Flyball, 4D, EV 92.5 MPH)
|
|
Batting: RHB Alex Zermeno
|
0-0: Ball 1-0: Fly out, F3 (Popup, 3SF, EV 70.0 MPH)
|
|
Batting: RHB Terry Lee
|
0-0: Swinging Strike 0-1: Ball 1-1: Ball Stan Levi is caught stealing 2nd base 2-4
|
| Top of the 5th over - 0 runs, 1 hit, 0 errors, 0 left on base; Dallas-Fort Worth 9 - El Paso 5 |
| BOTTOM OF THE 5TH |
|
El Paso Chihuahuas batting - Pitching for Dallas-Fort Worth Rangers : LHP Manny Sandate
|
|
Batting: SHB Donnie Hill
|
0-0: Called Strike 0-1: Called Strike 0-2: Ball 1-2: SOLO HOME RUN (Line Drive, 7D, EV 106.9 MPH), Distance : 404 ft
|
|
Pitching: RHP Randy McGilberry
|
|
|
Batting: LHB Matthew Vejar
|
0-0: Fly out, F7 (Flyball, 7D, EV 106.9 MPH)
|
|
Batting: RHB Bill Lyons
|
0-0: Called Strike 0-1: Called Strike 0-2: Ball 1-2: Ground out 5-3 (Groundball, 56, EV 107.5 MPH)
|
|
Batting: LHB Dan Murphy
|
0-0: Called Strike 0-1: Called Strike 0-2: Ball 1-2: Fly out, F9 (Line Drive, 9D, EV 91.9 MPH)
|
| Bottom of the 5th over - 1 run, 1 hit, 0 errors, 0 left on base; Dallas-Fort Worth 9 - El Paso 6 |
| TOP OF THE 6TH |
|
Dallas-Fort Worth Rangers batting - Pitching for El Paso Chihuahuas : RHP Gary Kaczor
|
|
Batting: RHB Terry Lee
|
0-0: Foul Ball, location: 2F 0-1: Ball 1-1: Called Strike 1-2: Ball 2-2: Fly out, F8 (Flyball, 8LXD, EV 102.5 MPH)
|
|
Batting: LHB Sid Bream
|
0-0: Called Strike 0-1: Foul Ball, location: 2F 0-2: Ball 1-2: Ball 2-2: Ball 3-2: SINGLE (Line Drive, 9S, EV 103.8 MPH)
|
|
Batting: RHB Dave Aponte
|
0-0: Ball 1-0: Ball 2-0: Called Strike 2-1: SINGLE (Groundball, 56D, EV 103.8 MPH) Sid Bream to second
|
|
Batting: LHB Garcia Gutierrez
|
0-0: Ball 1-0: Fly out, F7 (Line Drive, 7D, EV 103.1 MPH)
|
|
Batting: LHB Mo Ching
|
0-0: Ball 1-0: Ball 2-0: SINGLE (Groundball, 4MD, EV 107.5 MPH) Sid Bream to third Dave Aponte to second Runner from 3rd tries for Home, SAFE, throw by CF to home
|
|
Batting: RHB Steve Nicosia
|
0-0: Ball 1-0: Called Strike 1-1: Called Strike 1-2: Ground out U3 (Groundball, 34, EV 83.1 MPH)
|
| Top of the 6th over - 1 run, 3 hits, 0 errors, 2 left on base; Dallas-Fort Worth 10 - El Paso 6 |
| BOTTOM OF THE 6TH |
|
El Paso Chihuahuas batting - Pitching for Dallas-Fort Worth Rangers : RHP Randy McGilberry
|
|
Batting: RHB Leo George
|
0-0: Foul Ball, location: 2F 0-1: Ground out 4-3 (Groundball, P, EV 80.0 MPH)
|
|
Batting: RHB William Parmenter
|
0-0: Ball 1-0: Called Strike 1-1: TRIPLE (Flyball, 89XD, EV 106.9 MPH)
|
|
Batting: RHB Steven Murray
|
0-0: Ball 1-0: Foul Ball, location: 2F 1-1: Swinging Strike 1-2: Ball 2-2: Foul Ball, location: 2F 2-2: Strikes out looking
|
|
Batting: LHB Andy Van Slyke
|
0-0: Fly out, F8 (Line Drive, 8LD, EV 84.4 MPH)
|
| Bottom of the 6th over - 0 runs, 1 hit, 0 errors, 1 left on base; Dallas-Fort Worth 10 - El Paso 6 |
| TOP OF THE 7TH |
|
Dallas-Fort Worth Rangers batting - Pitching for El Paso Chihuahuas : RHP Gary Kaczor
|
|
Batting: RHB Ross Jones
|
0-0: Ball 1-0: Fly out, F8 (Line Drive, 8LD, EV 97.5 MPH)
|
|
Batting: LHB Stan Levi
|
0-0: Ball 1-0: Called Strike 1-1: Swinging Strike 1-2: Foul Ball, location: 2F 1-2: Foul Ball, location: 2F 1-2: Ball 2-2: Ball 3-2: Base on Balls
|
|
Batting: RHB Alex Zermeno
|
0-0: Called Strike 0-1: Ball 1-1: Ball 2-1: Foul Ball, location: 2F 2-2: Ball 3-2: Foul Ball, location: 2F 3-2: Base on Balls Stan Levi to second
|
|
Batting: RHB Terry Lee
|
0-0: Ball 1-0: Called Strike 1-1: Ball 2-1: Ball 3-1: Foul Ball, location: 2F 3-2: Base on Balls Stan Levi to third Alex Zermeno to second
|
|
Pitching: RHP Manuel Adams
|
|
|
Batting: LHB Sid Bream
|
0-0: Ball 1-0: Foul Ball, location: 2F 1-1: GRAND SLAM HOME RUN (Flyball, 9D, EV 95.0 MPH), Distance : 388 ft
|
|
Batting: RHB Dave Aponte
|
0-0: Called Strike 0-1: Called Strike 0-2: Foul Ball, location: 2F 0-2: Ground out U3 (Groundball, 34S, EV 94.4 MPH)
|
|
Batting: LHB Garcia Gutierrez
|
0-0: Ball 1-0: Called Strike 1-1: Ball 2-1: Foul Ball, location: 2F 2-2: Ball 3-2: Base on Balls
|
|
Batting: LHB Mo Ching
|
0-0: Called Strike 0-1: Foul Ball, location: 2F 0-2: Ball 1-2: Foul Ball, location: 2F 1-2: Foul Ball, location: 2F 1-2: Ball 2-2: Foul Ball, location: 2F 2-2: Ground out 3-1 (Groundball, 34, EV 82.5 MPH)
|
| Top of the 7th over - 4 runs, 1 hit, 0 errors, 1 left on base; Dallas-Fort Worth 14 - El Paso 6 |
| BOTTOM OF THE 7TH |
|
El Paso Chihuahuas batting - Pitching for Dallas-Fort Worth Rangers : RHP Randy McGilberry
|
|
Batting: RHB Jesse Vann
|
0-0: Ground out U3 (Groundball, 3, EV 91.9 MPH)
|
|
Batting: SHB Donnie Hill
|
0-0: Ball 1-0: Called Strike 1-1: Ball 2-1: Called Strike 2-2: Strikes out swinging
|
|
Batting: LHB Matthew Vejar
|
0-0: Ball 1-0: Fly out, F8 (Flyball, 8RXD, EV 91.3 MPH)
|
| Bottom of the 7th over - 0 runs, 0 hits, 0 errors, 0 left on base; Dallas-Fort Worth 14 - El Paso 6 |
| TOP OF THE 8TH |
|
Dallas-Fort Worth Rangers batting - Pitching for El Paso Chihuahuas : RHP Manuel Adams
|
|
Batting: RHB Steve Nicosia
|
0-0: Ball 1-0: Called Strike 1-1: Foul Ball, location: 2F 1-2: Foul Ball, location: 2F 1-2: Ground out 3-1 (Groundball, 34, EV 101.3 MPH)
|
|
Batting: RHB Ross Jones
|
0-0: Ball 1-0: Ball 2-0: Ball 3-0: Base on Balls
|
|
Batting: LHB Stan Levi
|
0-0: Foul Ball, location: 2F 0-1: Foul Ball, location: 2F 0-2: Ball 1-2: Ball 2-2: Foul Ball, location: 2F 2-2: DOUBLE (Groundball, 3L, EV 95.0 MPH) Ross Jones to third
|
|
Batting: RHB Alex Zermeno
|
0-0: Called Strike 0-1: Ball 1-1: Ball 2-1: Ball Wild Pitch! Ross Jones scores Stan Levi to third 3-1: Base on Balls
|
|
Batting: RHB Terry Lee
|
0-0: Ball 1-0: Ball 2-0: Fly out, F7 (Line Drive, 7, EV 95.6 MPH)
|
|
Batting: LHB Sid Bream
|
0-0: Ball 1-0: Foul Ball, location: 2F 1-1: Ball 2-1: Ball 3-1: Base on Balls Alex Zermeno to second
|
|
Batting: RHB Dave Aponte
|
0-0: Ball Wild Pitch! Stan Levi scores Alex Zermeno to third Sid Bream to second 1-0: Ball 2-0: Called Strike 2-1: Foul Ball, location: 2F 2-2: Fly out, F9 (Flyball, 89S, EV 95.6 MPH)
|
| Top of the 8th over - 2 runs, 1 hit, 0 errors, 2 left on base; Dallas-Fort Worth 16 - El Paso 6 |
| BOTTOM OF THE 8TH |
|
El Paso Chihuahuas batting - Pitching for Dallas-Fort Worth Rangers : RHP Randy McGilberry
|
|
Batting: RHB Bill Lyons
|
0-0: Ball 1-0: Foul Ball, location: 2F 1-1: Ball 2-1: Ball 3-1: Swinging Strike 3-2: Fly out, F4 (Line Drive, 4, EV 66.3 MPH)
|
|
Pinch Hitting: RHB Julio Acevedo
|
0-0: Called Strike 0-1: Ball 1-1: Swinging Strike 1-2: Strikes out swinging
|
|
Batting: RHB Leo George
|
0-0: Ball 1-0: Fly out, F7 (Flyball, 7D, EV 87.5 MPH)
|
| Bottom of the 8th over - 0 runs, 0 hits, 0 errors, 0 left on base; Dallas-Fort Worth 16 - El Paso 6 |
| TOP OF THE 9TH |
|
Dallas-Fort Worth Rangers batting - Pitching for El Paso Chihuahuas : RHP Manuel Adams
|
|
Pitching: RHP Antonio Pilla
|
|
|
Now in CF: Julio Acevedo
|
|
|
Batting: LHB Garcia Gutierrez
|
0-0: Fly out, F9 (Flyball, 9LM, EV 81.9 MPH)
|
|
Batting: LHB Mo Ching
|
0-0: Ball 1-0: Ball 2-0: Fly out, F7 (Flyball, 7S, EV 88.1 MPH)
|
|
Batting: RHB Steve Nicosia
|
0-0: Called Strike 0-1: SOLO HOME RUN (Flyball, 78XD, EV 97.5 MPH), Distance : 433 ft
|
|
Batting: RHB Ross Jones
|
0-0: Fly out, F6 (Popup, 6MD, EV 70.6 MPH)
|
| Top of the 9th over - 1 run, 1 hit, 0 errors, 0 left on base; Dallas-Fort Worth 17 - El Paso 6 |
| BOTTOM OF THE 9TH |
|
El Paso Chihuahuas batting - Pitching for Dallas-Fort Worth Rangers : RHP Randy McGilberry
|
|
Pitching: RHP Tom McGough
|
|
|
Batting: RHB William Parmenter
|
0-0: Ball 1-0: Ball 2-0: Ball 3-0: Called Strike 3-1: Foul Ball, location: 2F 3-2: Strikes out swinging
|
|
Batting: RHB Steven Murray
|
0-0: Foul Ball, location: 2F 0-1: Ground out 5-3 (Groundball, 56S, EV 87.5 MPH)
|
|
Batting: LHB Andy Van Slyke
|
0-0: Called Strike 0-1: Swinging Strike 0-2: Ball 1-2: Ball 2-2: Ball 3-2: Strikes out swinging
|
| Bottom of the 9th over - 0 runs, 0 hits, 0 errors, 0 left on base; Dallas-Fort Worth 17 - El Paso 6 |
|